 Dungeon Crawl Stone Soup version 0.31-a0-229-g1fc7ce93e2 (webtiles) character file.

Game seed: 12686488628952813117

46 qw the Shooter (level 3, 0/29 HPs)
             Began as a Minotaur Hexslinger on July 6, 2023.
             Slain by a jackal (3 damage)
             ... on level 2 of the Dungeon.
             The game lasted 00:00:28 (945 turns).

qw the Shooter (Minotaur Hexslinger)                 Turns: 945, Time: 00:00:28

Health: 0/29       AC:  3    Str: 12    XL:     3   Next: 46%
Magic:  3/3        EV: 12    Int: 10    God:
Gold:   100        SH:  0    Dex: 14    Spells: 3/4 levels left

rFire   . . .        Y - +1 sling
rCold   . . .        (no shield)
rNeg    . . .        g - +0 leather armour
rPois   .            (helmet restricted)
rElec   .            (no cloak)
rCorr   .            (no gloves)
SInv    .            (no boots)
Will    .....        (no amulet)
Stlth   +            (no ring)
HPRegen 0.24/turn    (no ring)
MPRegen 0.08/turn

%: no passive effects
@: no status effects
A: horns 2, retaliatory headbutt
a: no special abilities


You were on level 2 of the Dungeon.
You visited 1 branch of the dungeon, and saw 2 of its levels.

You collected 100 gold pieces.


Innate Abilities, Weirdness & Mutations

You have a pair of horns on your head.
You reflexively headbutt those who attack you in melee.


   Skills:
 - Level 2.0 Fighting
 + Level 4.0 Ranged Weapons
 - Level 2.1 Dodging
 - Level 1.0 Spellcasting
 - Level 2.0 Hexes


You had 3 spell levels left.
You knew the following spells:

 Your Spells              Type           Power      Damage    Failure   Level
a - Slow                  Hex            16%        N/A       19%         1

Your spell library contained the following spells:

 Spells                   Type           Power      Damage    Failure   Level
 Inner Flame              Hex/Fire       2%         N/A       65%         3
 Portal Projectile        Hex/Tloc       4%         N/A       65%         3
 Cause Fear               Hex            2%         N/A       88%         4

Inventory:

Hand Weapons
 Y - a +1 sling (weapon)
Armour
 c - a +0 pair of gloves
 g - a +0 leather armour (worn)
Scrolls
 a - 4 scrolls of identify
 e - a scroll of noise {unknown}
Potions
 b - 2 potions of heal wounds {unknown}
 d - 2 potions of enlightenment {unknown}
 h - a potion of resistance

Dungeon Overview and Level Annotations

Branches:
Dungeon (2/15)

Altars:


Message History

You kill the jackal!
The jackal closely misses you. The kobold hits you with a +0 whip.
Your Ranged Weapons skill increases to level 4!
You shoot a sling bullet.
The sling bullet closely misses the jackal.
The jackal completely misses you. The jackal bites you.
The kobold closely misses you.
The jackal bites you but does no damage. x2
You shoot a sling bullet. The sling bullet hits the jackal.
The jackal is almost dead.
The jackal bites you but does no damage. x2
The kobold closely misses you. The jackal barely misses you.
You furiously retaliate!
You headbutt the jackal!
You kill the jackal!
The jackal bites you.
You shoot a sling bullet. The sling bullet hits the kobold.
The kobold is severely wounded.
The kobold hits you with a +0 whip. The jackal closely misses you.
You furiously retaliate!
You headbutt the jackal. The kobold hits you but does no damage.
You shoot a sling bullet.
The sling bullet barely misses the jackal.
The jackal bites you but does no damage.
The jackal bites you. The kobold closely misses you.
You shoot a sling bullet.
The sling bullet hits the jackal but does no damage.
The jackal is almost dead.
The jackal bites you. The kobold closely misses you. You furiously retaliate!
You headbutt the kobold.
You kill the kobold!
The jackal bites you.
You shoot a sling bullet.
The sling bullet barely misses the jackal.
The jackal bites you but does no damage.
The jackal barely misses you.
You shoot a sling bullet.
The sling bullet hits the jackal but does no damage.
The jackal is almost dead.
The jackal bites you.
You die...

.# . #.# .. #.# ######
... #.# #.....#
...#####.# ##.......
....##.# #........
###....######........
#..........##....!...
####...........#@)......
...%............%h......
####..........###.......
#..........# .......
#..........# .......
#..........# .......
#..........# .......
############ .......


You could see a jackal.

Vanquished Creatures
  An adder (D:2)
  A dart slug (D:2)
  A bat (D:2)
  3 endoplasms
  A giant cockroach (D:1)
  3 goblins (D:1)
  6 hobgoblins (D:1)
  3 jackals (D:2)
  2 kobolds
  A quokka (D:1)
  4 ball pythons
  6 frilled lizards
  A spectral hobgoblin (D:1)
33 creatures vanquished.

Notes
Turn   | Place    | Note
-------+----------+-------------------------------------------
     0 | D:1      | qw the Minotaur Hexslinger began the quest for the Orb.
     0 | D:1      | Reached XP level 1. HP: 16/16 MP: 1/1
     0 | D:1      | 0 ||| qw: Version: 0.3-a-46-gb1f654a
     0 | D:1      | 0 ||| qw: Game counter: 1387
     0 | D:1      | 0 ||| qw: Melee chars always use a shield: true
     0 | D:1      | 0 ||| qw: God list: Okawaru
     0 | D:1      | 0 ||| qw: Allow faded altars: false
     0 | D:1      | 0 ||| qw: Do Orc after clearing Dungeon:15 true
     0 | D:1      | 0 ||| qw: Do second Lair branch before Depths: true
     0 | D:1      | 0 ||| qw: Lair rune preference: random
     0 | D:1      | 0 ||| qw: Goals: Normal
     0 | D:1      | 0 ||| PLANNING D:1-11
    30 | D:1      | 30 ||| FLEEEEING.
    31 | D:1      | 31 ||| FLEEEEING.
    32 | D:1      | 32 ||| FLEEEEING.
    33 | D:1      | 33 ||| FLEEEEING.
    34 | D:1      | 34 ||| FLEEEEING.
    35 | D:1      | 35 ||| FLEEEEING.
    36 | D:1      | 36 ||| FLEEEEING.
    37 | D:1      | 37 ||| FLEEEEING.
    38 | D:1      | 38 ||| FLEEEEING.
    39 | D:1      | 39 ||| FLEEEEING.
    40 | D:1      | 40 ||| FLEEEEING.
    41 | D:1      | 41 ||| FLEEEEING.
    42 | D:1      | 42 ||| FLEEEEING.
    43 | D:1      | 43 ||| FLEEEEING.
   132 | D:1      | Reached skill level 3 in Ranged Weapons
   150 | D:1      | Reached XP level 2. HP: 23/23 MP: 2/2
   369 | D:1      | Found a faded altar of an unknown god.
   706 | D:1      | 706 ||| UPGRADING to +0 leather armour.
   716 | D:1      | 716 ||| DROPPING +0 robe.
   717 | D:1      | 717 ||| READING 6 scrolls labelled WIMEZXAHOQ.
   718 | D:1      | 718 ||| READING scroll labelled ACWIZU VUECWO.
   719 | D:1      | 719 ||| READING scroll labelled AMEG NATIHA XUOLA.
   720 | D:1      | 720 ||| READING scroll labelled MYRIHO AMOCE.
   721 | D:1      | 721 ||| DRINKING 3 viscous amethyst potions.
   729 | D:1      | 729 ||| DRINKING 2 metallic purple potions.
   730 | D:1      | 730 ||| READING 5 scrolls of identify.
   730 | D:1      | 730 ||| IDENTIFYING sapphire potion
   731 | D:1      | 731 ||| DROPPING scroll of poison.
   732 | D:1      | 732 ||| DROPPING 2 potions of ambrosia.
   733 | D:1      | 733 ||| DROPPING potion of degeneration.
   827 | D:2      | Reached XP level 3. HP: 29/29 MP: 3/3
   939 | D:2      | Reached skill level 4 in Ranged Weapons
   941 | D:2      | HP: 6/29 [kobold/+0 whip (5)]
   943 | D:2      | HP: 2/29 [jackal (2)]
   945 | D:2      | Slain by a jackal

Levels and vault maps discovered:
D:1:      lemuel_arrival_lava_pool, layout_basic,
          dreamdust_ecumenical_altar_drowned_temple, minmay_misc_feat_enclosed
D:2:      layout_rooms

Skill      XL: |  1  2  3 |
---------------+----------+-----
Ranged Weapons | 3 4 |  4.0
Fighting       | 2 |  2.0
Dodging        | |  2.1
Spellcasting   | |  1.0
Hexes          | |  2.0

Action                     || total
---------------------------++-------
   Fire: Sling             ||    88
    Use: Scroll            ||     5
         Potion            ||     2
 Armour: Robe              ||     2
         Leather armour    ||    14
  Dodge: Dodged            ||    31

Table legend:
 A = Non-vault XP
 B = Vault XP
 C = Vault XP percentage of total XP
 D = Non-vault monster count
 E = Vault monster count
 F = Vault count percentage of total count
                 A         B        C        D         E       F
            +---------+---------+-------+---------+---------+-------
      Total |      66 |       1 |   1.5 |      32 |       1 |   3.0
            +---------+---------+-------+---------+---------+-------
        D:1 |      34 |       1 |   2.9 |      21 |       1 |   4.5
        D:2 |      32 |       0 |   0.0 |      11 |       0 |   0.0
            +---------+---------+-------+---------+---------+-------
